 Dungeon Crawl Stone Soup version 0.24-a0-290-gbb66a67 (webtiles) character file.

Game seed: 6801460534580555342

13 Gildeon the Firebug (level 2, 0/15 HPs)
             Began as a Deep Elf Fire Elementalist on May 9, 2019.
             Slain by a kobold
             ... wielding a +0 whip
              (4 damage)
             ... on level 1 of the Dungeon.
             The game lasted 00:01:25 (200 turns).

Gildeon the Firebug (Deep Elf Fire Elementalist)     Turns: 200, Time: 00:01:26

Health: 0/15       AC:  2    Str:  5    XL:     2   Next: 24%
Magic:  1/8        EV: 13    Int: 19    God:
Gold:   16         SH:  0    Dex: 15    Spells: 6/7 levels left

rFire    . . .     SeeInvis .   e - +0 dagger
rCold    . . .     Gourm    .   (no shield)
rNeg     . . .     Faith    .   a - +0 robe
rPois    .         Spirit   .   (no helmet)
rElec    .         Reflect  .   (no cloak)
rCorr    .         Harm     .   (no gloves)
MR       .....                  (no boots)
Stlth    ++........             (no amulet)
HPRegen  0.05/turn              (no ring)
MPRegen  0.11/turn              (no ring)

@: no status effects
A: no striking features
a: no special abilities


You were on level 1 of the Dungeon.
You were not hungry.

You visited 1 branch of the dungeon, and saw 1 of its levels.

You collected 16 gold pieces.

Inventory:

Hand Weapons
 e - a +0 dagger (weapon)
Armour
 a - a +0 robe (worn)
Scrolls
 f - a scroll of identify {unknown}
Potions
 b - a potion of ambrosia {unknown}
 g - a potion of curing {unknown}
Comestibles
 c - a ration
 d - 4 chunks of flesh


   Skills:
 + Level 2.9 Dodging
 - Level 2.4 Stealth
 + Level 3.4 Spellcasting
 - Level 1.1 Conjurations
 + Level 3.5 Fire Magic


You had 6 spell levels left.
You knew the following spells:

 Your Spells              Type           Power        Failure   Level  Hunger
a - Flame Tongue          Conj/Fire      ##...        5%          1    None

Your spell library contained the following spells:

 Spells                   Type           Power        Failure   Level  Hunger
 Throw Flame              Conj/Fire      ##....       9%          2    ##.....
 Conjure Flame            Conj/Fire      ##......     17%         3    ###....
 Inner Flame              Hex/Fire       ##......     22%         3    ###....
 Sticky Flame             Conj/Fire      ##......     50%         4    ####...
 Fireball                 Conj/Fire      ##........   83%         5    ######.


Dungeon Overview and Level Annotations

Branches:
Dungeon (1/15)

Altars:


Message History

The leopard gecko bites you but does no damage.
The leopard gecko closely misses you.
You hit the leopard gecko but do no damage.
The leopard gecko is heavily wounded.
The leopard gecko barely misses you.
You closely miss the leopard gecko.
The leopard gecko is heavily wounded.
The kobold hits you but does no damage. The leopard gecko barely misses you.
You hit the leopard gecko.
The leopard gecko is severely wounded.
The kobold closely misses you. The leopard gecko bites you.
You barely miss the leopard gecko.
The leopard gecko is severely wounded.
The kobold hits you with a +0 whip.
* * * LOW HITPOINT WARNING * * *
The leopard gecko closely misses you. The leopard gecko closely misses you.
The kobold barely misses you. The leopard gecko barely misses you.
The kobold hits you with a +0 whip.
You die...

######.#####.#≈≈.........≈≈#
.>.........÷.#≈≈≈.......≈≈≈#
.....l......##≈≈≈≈.....≈≈≈≈#
#####.##....################
#...l.##....####..........#
.w######..).......#########
.## #.....g....# ##
#.........## #......wg@#
#......KK.# #.......l.#
#####.....# #.....# #.....#
#######


You could see a dart slug, a leopard gecko, 2 hobgoblins and 2 kobolds.

Vanquished Creatures
  2 leopard geckos (D:1)
  A goblin (D:1)
  3 hobgoblins (D:1)
  2 bats (D:1)
  2 rats (D:1)
10 creatures vanquished.

Notes
Turn   | Place    | Note
-------+----------+-------------------------------------------
     0 | D:1      | Gildeon the Deep Elf Fire Elementalist began the quest for
                  | the Orb.
     0 | D:1      | Reached XP level 1. HP: 10/10 MP: 6/6
   168 | D:1      | Reached XP level 2. HP: 10/15 MP: 1/8
   200 | D:1      | Slain by a kobold

Levels and vault maps discovered:
D:1:      enne_arrival_octagon_isle, layout_rooms, corexii_leaking_fountain,
          minmay_rat_gold_closets

Action                   || total
-------------------------++-------
Melee: Dagger            ||     7
 Cast: Flame Tongue      ||    17
Armor: Robe              ||     3
Dodge: Dodged            ||    16

Table legend:
 A = Non-vault XP
 B = Vault XP
 C = Vault XP percentage of total XP
 D = Non-vault monster count
 E = Vault monster count
 F = Vault count percentage of total count
                 A         B        C        D         E       F
            +---------+---------+-------+---------+---------+-------
      Total |      19 |       0 |   0.0 |      10 |       0 |   0.0
            +---------+---------+-------+---------+---------+-------
        D:1 |      19 |       0 |   0.0 |      10 |       0 |   0.0
            +---------+---------+-------+---------+---------+-------
